 Dungeon Sprint DCSS version 0.30-a0-390-g80c34de65d (webtiles) character file.

Game seed: 6152621411374196723

3934 rocky1 the Fighter (level 10, -1/178 HPs)
             Began as an Ogre Gladiator on Dec 5, 2022.
             Was a High Priest of Cheibriados.
             Succumbed to an emperor scorpion's poison
             ... in the Dungeon (Sprint VII: "The Pits").
             The game lasted 00:03:57 (1772 turns).

rocky1 the Fighter (Ogre Gladiator)                 Turns: 1772, Time: 00:03:58

Health: -1/178     AC: 13    Str: 35    XL:     10   Next: 21%
Magic:  18/18      EV: 14    Int: 27    God:    Cheibriados [*****.]
Gold:   0          SH: 12    Dex: 23    Spells: 9/9 levels left

rFire   . . .      SeeInvis .    h - +2 morningstar (protect)
rCold   . . .      Faith    .    q - +0 kite shield
rNeg    . . .      Spirit   .    b - +0 robe
rPois   .          Reflect  .    c - +0 hat
rElec   .          Harm     .    (no cloak)
rCorr   .          Rampage  .    (gloves unavailable)
Will    +....      NoTele   +    (boots unavailable)
Stlth   ..........               (no amulet)
HPRegen 0.49/turn                s - +3 ring of protection
MPRegen 0.16/turn                r - +3 ring of intelligence

@: berserking, lethally poisoned (-1 -> -21), under a protective aura, very slow
A: large, unfitting armour, tough skin 1
a: Renounce Religion, Bend Time, Temporal Distortion, Slouch, Step From Time


You were in the Dungeon.
You worshipped Cheibriados.
Cheibriados was extremely pleased with you.
You visited 1 branch

Inventory:

Hand Weapons
 a - a +0 flail
 h - a +2 morningstar of protection (weapon)
 o - a +2 mace
 p - a +1 flail of protection
 v - a +2 war axe of freezing
Missiles
 d - 3 throwing nets (quivered)
 e - a large rock
Armour
 b - a +0 robe (worn)
 c - a +0 hat (worn)
 q - a +0 kite shield (worn)
Jewellery
 r - a +3 ring of intelligence (right hand)
 s - a +3 ring of protection (left hand)
Scrolls
 m - 5 scrolls of amnesia
 n - a scroll of summoning
Potions
 f - 6 potions of curing
 g - 7 potions of heal wounds
 i - 4 potions of magic
 j - 2 potions of berserk rage
 l - 2 potions of invisibility
 t - a potion of brilliance
 u - 2 potions of mutation


   Skills:
 + Level 13.2 Fighting
 + Level 6.0(10.4) Axes
 + Level 12.1(12.6) Maces & Flails
 - Level 2.1 Throwing
 - Level 4.8 Armour
 - Level 7.9 Dodging
 + Level 7.6 Shields
 + Level 10.8 Invocations


You had 9 spell levels left.
You didn't know any spells.
Your spell library was empty.

Dungeon Overview and Level Annotations

Branches:
Dungeon (1/1)

Altars:
Ashenzari
Cheibriados
Dithmenos
Elyvilon
Fedhas
Gozag
Hepliaklqana
Kikubaaqudgha
Makhleb
Nemelex Xobeh
Okawaru
Qazlal
Ru
Sif Muna
Trog
Uskayaw
Vehumet
Wu Jian
Xom
Yredelemnul
Zin
The Shining One
Jiyva
Lugonu


Innate Abilities, Weirdness & Mutations

You are too large for most types of armour.
You have tough skin. (AC +1)


Message History

You feel mighty! The emperor scorpion stings you!!
* * * LOW HITPOINT WARNING * * *
The emperor scorpion barely misses you.
You block the emperor scorpion's attack.
You hit the emperor scorpion.
The emperor scorpion is heavily wounded.
The emperor scorpion completely misses you.
The emperor scorpion claws you.
* * * LOW HITPOINT WARNING * * *
The emperor scorpion closely misses you.
You hit the emperor scorpion but do no damage.
The emperor scorpion is heavily wounded.
The emperor scorpion misses you. The emperor scorpion claws you.
* * * LOW HITPOINT WARNING * * *
The emperor scorpion barely misses you. x2
You block the emperor scorpion's attack. x2
You sock the emperor scorpion!
The emperor scorpion is heavily wounded.
The emperor scorpion stings you!!
* * * LOW HITPOINT WARNING * * *
You are lethally poisoned!
The emperor scorpion poisons you! The emperor scorpion barely misses you.
The emperor scorpion claws you but does no damage.
You bludgeon the emperor scorpion!!
The emperor scorpion is severely wounded.
* * * LOW HITPOINT WARNING * * *
You feel very sick.
You block the emperor scorpion's attack.
The emperor scorpion claws you but does no damage.
The emperor scorpion misses you.
You thump the emperor scorpion!
The emperor scorpion is severely wounded.
* * * LOW HITPOINT WARNING * * *
You feel very sick.
The emperor scorpion completely misses you.
The emperor scorpion closely misses you.
The emperor scorpion claws you but does no damage.
You hit the emperor scorpion but do no damage.
The emperor scorpion is severely wounded.
You die...

++########################
................@s........
....)....................Y
..##############++########
..# ..# ..# ..# ..# ..#


You could see an emperor scorpion.

Vanquished Creatures
  A vampire knight (D)
  An ettin (D)
  A flayed ghost (D)
  A merfolk siren (D)
  A cane toad (D)
  A snapping turtle (D)
  A spriggan (D)
  A jumping spider (D)
  A wraith (D)
  A warg (D)
  3 floating eyes (D)
  Pargi (D)
  A gnoll sergeant (D)
  A bullfrog (D)
  An iron imp (D)
  An orc priest (D)
  2 orc wizards (D)
  A mummy (D)
  6 gnolls (D)
  An adder (D)
  A worm (D)
  3 orcs (D)
  A bat (D)
  A bat skeleton (D)
  An endoplasm (D)
  A quokka (D)
  A ball python (D)
  A ball python skeleton (D)
  2 ball python zombies (D)
40 creatures vanquished.

Notes
Turn   | Place    | Note
-------+----------+-------------------------------------------
     0 | D        | rocky1 the Ogre Gladiator began the quest for the Orb.
     0 | D        | Reached XP level 1. HP: 22/22 MP: 1/1
    20 | D        | Found a bloodstained altar of Trog.
    20 | D        | Found a shimmering blue altar of Sif Muna.
    20 | D        | Found a viscous altar of Jiyva.
    20 | D        | Found a hazy altar of Hepliaklqana.
    20 | D        | Found an opulent altar of Gozag.
    21 | D        | Found a glowing golden altar of the Shining One.
    21 | D        | Found a glowing silver altar of Zin.
    21 | D        | Found a basalt altar of Yredelemnul.
    21 | D        | Found a shimmering altar of Xom.
    21 | D        | Found an ornate altar of the Wu Jian Council.
    21 | D        | Found a sacrificial altar of Ru.
    21 | D        | Found a stormy altar of Qazlal.
    21 | D        | Found an iron altar of Okawaru.
    21 | D        | Found a sparkling altar of Nemelex Xobeh.
    21 | D        | Found a burning altar of Makhleb.
    21 | D        | Found a blossoming altar of Fedhas.
    21 | D        | Found a white marble altar of Elyvilon.
    21 | D        | Found a shadowy altar of Dithmenos.
    21 | D        | Found a snail-covered altar of Cheibriados.
    25 | D        | Found a corrupted altar of Lugonu.
    25 | D        | Found a radiant altar of Vehumet.
    26 | D        | Found a broken altar of Ashenzari.
    26 | D        | Found an ancient bone altar of Kikubaaqudgha.
    26 | D        | Found a hide-covered altar of Uskayaw.
    32 | D        | Became a worshipper of Cheibriados the Contemplative
    76 | D        | Reached * piety under Cheibriados
    77 | D        | Reached skill level 3 in Fighting
    80 | D        | Noticed a floating eye
    82 | D        | Noticed a floating eye
    82 | D        | Paralysed by a floating eye for 4 turns
    87 | D        | Killed a floating eye
    88 | D        | Reached skill level 5 in Fighting
    88 | D        | Reached skill level 5 in Maces & Flails
    88 | D        | Reached XP level 2. HP: 36/36 MP: 1/4
    88 | D        | Reached XP level 3. HP: 44/44 MP: 1/5
    88 | D        | Reached XP level 4. HP: 52/52 MP: 1/6
    89 | D        | Killed a floating eye
    90 | D        | Reached skill level 7 in Fighting
    90 | D        | Reached skill level 5 in Dodging
    90 | D        | Reached skill level 5 in Invocations
    90 | D        | Reached XP level 5. HP: 62/62 MP: 1/8
   248 | D        | Noticed a floating eye
   250 | D        | Reached ** piety under Cheibriados
   252 | D        | Paralysed by a floating eye for 4 turns
   257 | D        | Killed a floating eye
   258 | D        | Reached skill level 1 in Armour
   258 | D        | Reached XP level 6. HP: 72/72 MP: 8/10
   258 | D        | Reached *** piety under Cheibriados
   316 | D        | Reached skill level 8 in Fighting
   323 | D        | Reached **** piety under Cheibriados
   324 | D        | Reached ***** piety under Cheibriados
   332 | D        | Reached XP level 7. HP: 46/81 MP: 6/11
   344 | D        | Reached ****** piety under Cheibriados
   490 | D        | Noticed a jumping spider
   494 | D        | Killed a jumping spider
   495 | D        | Reached skill level 9 in Fighting
   495 | D        | Reached skill level 1 in Shields
   649 | D        | Noticed a warg
   653 | D        | Killed a warg
   666 | D        | Reached XP level 8. HP: 79/93 MP: 13/13
   704 | D        | Noticed Pargi
   704 | D        | Noticed a cane toad
   704 | D        | Noticed a merfolk siren
   706 | D        | Killed a cane toad
   706 | D        | Killed Pargi
   707 | D        | Reached skill level 10 in Fighting
   707 | D        | Reached skill level 10 in Maces & Flails
   709 | D        | Killed a merfolk siren
   878 | D        | Noticed a flayed ghost
   879 | D        | Noticed a wraith
   883 | D        | Killed a wraith
   884 | D        | Reached skill level 1 in Axes
   884 | D        | Reached XP level 9. HP: 37/102 MP: 4/15
   890 | D        | Killed a flayed ghost
   891 | D        | Reached skill level 11 in Fighting
   891 | D        | Reached skill level 5 in Shields
  1270 | D        | Noticed an ettin
  1276 | D        | Killed an ettin
  1277 | D        | Reached skill level 12 in Fighting
  1277 | D        | Reached skill level 5 in Axes
  1277 | D        | Reached skill level 10 in Invocations
  1513 | D        | Noticed a vampire knight
  1515 | D        | Paralysed by a vampire knight for 4 turns
  1518 | D        | HP: 4/107 [snapping turtle (17)]
  1522 | D        | Killed a vampire knight
  1523 | D        | Reached skill level 13 in Fighting
  1523 | D        | Reached XP level 10. HP: 33/119 MP: 1/18
  1753 | D        | Noticed an emperor scorpion
  1770 | D        | HP: 7/178 [poisoned by an emperor scorpion]
  1771 | D        | HP: 2/178 [poisoned by an emperor scorpion]
  1772 | D        | Succumbed to an emperor scorpion's poison

Illustrated notes

Levels and vault maps discovered:
D:        pitsprint [storerooms_1, entrance_room_1, metal_vault_2, armoury_2,
          mini_pit_1, grid_room_1, main_hall_1, silver_pit, the_coven_1,
          the_vestibule_1, steel_vault_2, golden_pit, hallway_of_sentries,
          crystal_vault_1, iron_vault_4, final_vault]

Skill      XL: |  1  2  3  4  5  6  7  8  9 10 |
---------------+-------------------------------+-----
Maces & Flails | 5 7 8 9 10 12 | 12.1
Dodging        | 4 5 6 7 |  7.9
Fighting       | 5 7 8 9 10 13 | 13.2
Invocations    | 3 5 6 7 8 10 | 10.8
Armour         | 1 2 3 4 |  4.8
Shields        | 2 4 7 |  7.6
Axes           | 1 5 6 |  6.0
Throwing       | |  2.1

Action                   |  1- 3 |  4- 6 |  7- 9 | 10-12 || total
-------------------------+-------+-------+-------+-------++-------
Melee: Mace              |     7 |    11 |       |       ||    18
       Flail             |     1 |     7 |    40 |       ||    48
       Morningstar       |       |       |    12 |    14 ||    26
Invok: Slouch            |       |     1 |    10 |       ||    11
  Use: Potion            |       |       |     2 |     5 ||     7
       Scroll            |       |       |     1 |       ||     1
 Stab: Sleeping          |     1 |       |     1 |       ||     2
Armor: Robe              |     1 |     3 |    12 |     8 ||    24
Dodge: Dodged            |     1 |     9 |    23 |    22 ||    55
Block: Kite shield       |       |       |    10 |    13 ||    23

Table legend: (Time is in decaauts)
 A = Elapsed time spent in this place.
 B = Non-inter-level travel time spent in this place.
 C = Inter-level travel time spent in this place.
 D = Time resting spent in this place.
 E = Time spent auto-exploring this place.
 F = Levels seen in this place.
 G = Mean time per level.
                   A        B        C        D        E       F      G
               +--------+--------+--------+--------+--------+-----+--------+
         Total |   1991 |   1880 |    111 |   1308 |      0 |   1 | 1991.0 |
       Dungeon |   1991 |   1880 |    111 |   1308 |      0 |   1 | 1991.0 |
               +--------+--------+--------+--------+--------+-----+--------+

Top non-repeatable levels by time:
       D: 1991 daAuts
